[Event "CCT Julius Baer-D3 2024"]
[Site "Online"]
[Date "2024.09.27"]
[Round "51.2"]
[White "Sargissian, Gabriel"]
[Black "Hakobyan, Aram"]
[Result "1/2-1/2"]
[ECO "D78"]
[WhiteElo "2646"]
[BlackElo "2617"]
[Annotator "TA"]
[PlyCount "122"]
[EventDate "2024.09.25"]
[EventType "swiss"]
[EventCountry "NET"]
[SourceTitle "playchess.com"]
[Source "ChessBase"]
[SourceQuality "1"]
[TimeControl "600+2"]

1. Nf3 d5 2. g3 g6 3. Bg2 Bg7 4. d4 Nf6 5. O-O O-O 6. c4 c6 7. b3 Bf5 8. Bb2 Nbd7 9. e3 a5 10. Nc3 Ne4 11. Qe2 {[%emt 0:02:24] Weiß steht etwas besser.} Nxc3 12. Bxc3 Be4 13. Rfd1 a4 14. Bf1 Bxf3 15. Qxf3 e6 16. b4 Nb6 17. c5 Nd7 18. b5 Re8 ({Viel schwächer wäre} 18... Nxc5 19. Bb4 Ne4 20. Bxf8 Qxf8 21. bxc6 bxc6 22. Rac1 $16) 19. Rdc1 e5 20. Rab1 exd4 21. Bxd4 Ne5 22. Qd1 h5 23. bxc6 bxc6 24. Rb6 Qd7 25. Rcb1 a3 26. h4 Rac8 27. Kg2 Qf5 28. Be2 Ng4 29. Bxg4 hxg4 30. Bxg7 Kxg7 31. Qd4+ Kg8 32. Qf4 Qe4+ 33. Qxe4 Rxe4 $14 {[%emt 0:00:00][%mdl 4096] Endspiel. KRR-KRR} 34. R1b4 Rce8 (34... Kg7 $14) 35. Rxe4 $16 Rxe4 36. Rxc6 {[%emt 0:00:01] KR-KR} Rc4 37. Ra6 Rxc5 38. Rxa3 Rc2 (38... Rc4 $16 {war angesagt.} 39. Rd3 Ra4) 39. Ra4 f5 (39... Kg7 $16 {war nötig.} 40. Rxg4 Rxa2) 40. Ra7 $18 Rd2 41. Kf1 d4 42. exd4 Rxd4 43. a4 Rd2 44. a5 Ra2 45. a6 Kf8 46. Ke1 Ke8 47. Kd1 Kd8 (47... f4 {ist wohl besser.} 48. Ke1 (48. gxf4 Rxf2 49. Rg7 Ra2 $14) 48... f3) 48. Ra8+ $1 Kc7 49. a7 $2 (49. Ke1 Ra4 50. a7) 49... Kb7 50. Rg8 Kxa7 {[%emt 0:00:01] [#]} 51. Ke1 ({Schwächer ist} 51. Rxg6 Rxf2 52. Rf6 Kb7 $11) 51... Ra6 {[%emt 0:00:00] [#]} 52. Ke2 (52. Kd2 $1 $16 {[%cal Rd2e3] Und jetzt Ke3 wäre schön.} f4 53. gxf4) 52... Re6+ $11 {[%emt 0:00:03] Die Stellung ist ausgeglichen.} 53. Kd3 {[%emt 0:00:01] Kd4 wäre nun fies.} Kb7 54. Kd4 {[%emt 0:00:01] Kd5 ist eine echte Drohung.} Kc6 55. Ra8 Kd7 56. Ra7+ Ke8 57. Kd3 Kf8 58. Rb7 Kg8 59. Ra7 Kf8 60. Rb7 Kg8 61. Ra7 Kf8 {[%emt 0:00:00] Schwarz rettet sich ins Remis.   Gewichteter Fehlerwert: Weiß=0.20 (präzise) /Schwarz=0.18 (sehr präzise) .  Fehler:       	Weiß=2     	Schwarz=4     Ungenau:       	Weiß=4     	Schwarz=5     OK:         	Weiß=20    	Schwarz=20    Bester:       	Weiß=3     	Schwarz=3     Stark:        	Weiß=1     	---} 1/2-1/2

[Event "CCT Julius Baer-D3 2024"]
[Site "Online"]
[Date "2024.09.27"]
[Round "51.2"]
[White "Svane, Frederik"]
[Black "Yilmaz, Mustafa"]
[Result "1-0"]
[ECO "B86"]
[WhiteElo "2640"]
[BlackElo "2587"]
[Annotator "TA"]
[PlyCount "55"]
[EventDate "2024.09.25"]
[EventType "swiss"]
[EventCountry "NET"]
[SourceTitle "playchess.com"]
[Source "ChessBase"]
[SourceQuality "1"]
[TimeControl "600+2"]

1. e4 c5 2. Nf3 d6 3. d4 cxd4 4. Nxd4 Nf6 5. Nc3 a6 6. Bc4 e6 7. Bb3 Nbd7 8. Be3 Nc5 9. f3 Be7 10. g4 Nfd7 11. Qd2 Bh4+ 12. Ke2 {[%emt 0:00:01] The position is equal.} b5 13. g5 g6 ({Black should try} 13... O-O $15) 14. Rhg1 {[%emt 0:00:11] Strongly threatening Rg4.} (14. Rag1 $5 h6 15. Kd1 $17 (15. gxh6 Nxb3 16. axb3 Bb7 $11)) 14... h6 $1 15. gxh6 Ne5 $2 (15... Bb7 $11 {and Black is okay.}) 16. f4 $18 Nc4 (16... Ned7) 17. Bxc4 bxc4 18. Nc6 {[%emt 0:02:13] Prevents Qe7.} (18. f5 $18 {and White stays clearly on top.}) 18... Qc7 $16 {[%emt 0:00:24] [#]} 19. Qd4 $1 $36 {[%emt 0:00:09][%csl LRc4,LRh8][%mdl 2048] Black is under strong pressure. Really sharp! White is more active.} Rh7 {[%emt 0:00:34][%mdl 8192] [#]} (19... Rxh6 $16 {was necessary.} 20. Qg7 Qxc6) 20. Qg7 $3 $18 Rxg7 (20... Qxc6 21. f5) 21. hxg7 Qxc6 22. g8=Q+ (22. g8=R+ $2 {loses.} Ke7 23. Rg4 Nxe4 (23... Bf6 $2 24. e5 $19) 24. Rxh4 Nxc3+ 25. bxc3 Qg2+ 26. Ke1 Qxc2 $19 (26... Qh1+ $2 27. Kd2 $19)) 22... Ke7 {[%emt 0:00:56] And now ...Bb7 would win.} 23. Qh7 Bf6 {[%emt 0:00:03] aiming for ...Bb7.} 24. e5 ({Worse is} 24. Rxg6 Nxe4 25. Rxf6 Nxf6 $11) 24... Bb7 25. exf6+ Kxf6 26. Raf1 {[%emt 0:00:47] Black must now prevent Qh4+.} Ne4 {[%emt 0:00:06] [#]} 27. Rxg6+ $3 Ke7 28. f5 {[%emt 0:00:06] Weighted Error Value: White=0.27 (precise) /Black=1.20.  Loses game:     	---       	Black=2      Missed win:     	White=1     	---        Mistake:       	---       	Black=2      Inaccurate:     	White=1     	Black=4      OK:         	White=6     	Black=2      Best:        	White=3     	Black=2      Strong:       	White=1     	Black=1} 1-0

[Event "CCT Julius Baer-D3 2024"]
[Site "Online"]
[Date "2024.09.27"]
[Round "51.2"]
[White "Amin, Bassem"]
[Black "Guseinov, Gadir"]
[Result "1-0"]
[ECO "A08"]
[WhiteElo "2636"]
[BlackElo "2636"]
[Annotator "TA"]
[PlyCount "61"]
[EventDate "2024.09.25"]
[EventType "swiss"]
[EventCountry "NET"]
[SourceTitle "playchess.com"]
[Source "ChessBase"]
[SourceQuality "1"]
[TimeControl "600+2"]

1. e4 c5 2. Nf3 e6 3. d3 d5 4. Nbd2 Nc6 5. g3 g6 6. Bg2 Bg7 7. O-O Nge7 8. Re1 O-O 9. h4 b5 10. e5 Qc7 11. Qe2 f6 ({Black should try} 11... a5 $11) 12. exf6 Bxf6 13. c4 bxc4 {[%emt 0:00:28] White is better.} 14. dxc4 Rb8 15. Nb3 dxc4 (15... Bg7 $16 {was necessary.}) 16. Bf4 $18 (16. Nxc5 $6 Nd4 17. Qxc4 Rb5 18. Nxd4 Rxc5 $11) 16... e5 (16... Qb6 $142) 17. Qxc4+ (17. Bxe5 $2 Nxe5 18. Nxe5 cxb3 $19) 17... Kg7 18. Bd2 Qb6 19. Nxc5 Qxb2 20. Ne4 Qb5 21. Qxb5 Rxb5 22. a4 Rb2 23. Rac1 {[%emt 0:00:45] aiming for Nxf6.} Ra2 $2 (23... Bg4 {is a better defense.} 24. Be3 Ra2) 24. Be3 (24. Nxf6 $142 Rxf6 25. Bg5 (25. Nxe5 Rxd2 26. Nxc6 Nxc6 $16)) 24... Rxa4 {[%emt 0:00:43] [#]} (24... Bg4 $142 25. Nfg5 h6) 25. Nxf6 $1 Rxf6 26. Bg5 {[%emt 0:00:05][%csl LRe5,LRf6] This pair of bishops is nice.} Re6 27. Rc5 $2 (27. Bxe7 $18 Nxe7 28. Rc7 (28. Nxe5 Kf6 $16) (28. Rxe5 Rxe5 29. Nxe5 Bg4 $16)) 27... h6 $16 28. Bxe7 (28. Nxe5 Nxe5 (28... hxg5 29. Bxc6 Nxc6 30. Rxc6 $11) 29. Rcxe5 hxg5 $17) 28... Nxe7 29. Nxe5 {[%emt 0:00:01] Bh3 would now be deadly. White is more active.} (29. Rcxe5 Rxe5 30. Nxe5 Kf6 $14) 29... Rf6 $2 {[%emt 0:01:40][%mdl 8192] [#]} (29... g5 $16 {is tougher.}) 30. Rc7 $18 ({Not} 30. Nxg6 Nxg6 31. Rxc8 Ra5 $18) 30... Kf8 (30... Re6 $142 31. Bd5 Ra1 32. Rxa1 Rxe5 33. Raxa7 Rxd5 34. Rxc8 (34. Rxe7+ Kf6 $18) 34... Re5) 31. Nc6 {[%emt 0:00:26] Weighted Error Value: White=0.32/Black=0.76.  Loses game:     	---       	Black=1      Missed win:     	White=1     	---        Mistake:       	White=1     	Black=5      Inaccurate:     	White=2     	Black=1      OK:         	White=9     	Black=4      Best:        	White=3     	---        Strong:       	White=1     	---} 1-0

[Event "CCT Julius Baer-D3 2024"]
[Site "Online"]
[Date "2024.09.27"]
[Round "51.3"]
[White "Svane, Frederik"]
[Black "Yilmaz, Mustafa"]
[Result "1-0"]
[ECO "C88"]
[WhiteElo "2640"]
[BlackElo "2587"]
[Annotator "RC"]
[PlyCount "141"]
[EventDate "2024.09.25"]
[EventType "swiss"]
[EventCountry "NET"]
[SourceTitle "playchess.com"]
[Source "ChessBase"]
[SourceQuality "1"]
[TimeControl "600+2"]

1. e4 e5 2. Nf3 Nc6 3. Bb5 a6 4. Ba4 Nf6 5. O-O Be7 6. Re1 b5 7. Bb3 O-O 8. a4 b4 9. d4 d6 10. dxe5 Nxe5 11. Nbd2 a5 12. Nc4 Nxc4 13. Bxc4 Bb7 14. Qd3 Nd7 15. Bd5 Nc5 16. Qd1 Qc8 17. Be3 Bxd5 18. Qxd5 c6 19. Qc4 Qe6 20. Nd2 Qxc4 21. Nxc4 Nxe4 22. Bb6 d5 23. Nxa5 Rfc8 24. Nb3 Bf6 25. Bd4 Bxd4 26. Nxd4 Kf8 27. a5 Ra6 28. Ra4 Rca8 29. Nb3 c5 30. f3 c4 31. Nd4 Nc5 32. Rxb4 Rxa5 33. Kf2 Ra4 34. Rb5 R4a5 35. Rb6 R5a6 36. Rb4 Ra4 37. Rxa4 Nxa4 38. Ra1 Ke7 39. Ke3 Kd7 40. Kf4 Nb6 41. Rxa8 Nxa8 42. Ke5 Nc7 43. Nf5 f6+ 44. Kd4 g6 45. Ne3 Kd6 46. Ng4 Ne6+ 47. Kc3 f5 48. Nf6 Nf8 49. Kd4 Ne6+ 50. Kc3 Nf8 51. g4 fxg4 52. fxg4 g5 53. b4 cxb3 54. cxb3 Ke5 55. Ne8 Ne6 56. b4 d4+ 57. Kc4 Nf4 58. b5 d3 59. Kc3 Ke4 60. Nd6+ Kd5 61. Nf7 h5 62. gxh5 Nxh5 63. Nxg5 Nf4 64. Nf3 Kc5 65. Nd4 Ne2+ 66. Nxe2 dxe2 67. Kd2 Kxb5 68. h4 Kc5 69. h5 Kd6 70. h6 Ke6 71. h7 1-0

[Event "CCT Julius Baer-D3 2024"]
[Site "Online"]
[Date "2024.09.27"]
[Round "51.3"]
[White "Hakobyan, Aram"]
[Black "Sargissian, Gabriel"]
[Result "1-0"]
[ECO "C47"]
[WhiteElo "2617"]
[BlackElo "2646"]
[Annotator "TA"]
[PlyCount "79"]
[EventDate "2024.09.25"]
[EventType "swiss"]
[EventCountry "NET"]
[SourceTitle "playchess.com"]
[Source "ChessBase"]
[SourceQuality "1"]
[TimeControl "600+2"]

1. e4 e5 2. Nf3 Nc6 3. Nc3 Nf6 4. Nd5 Bc5 5. c3 O-O 6. d3 h6 7. Nxf6+ Qxf6 8. g4 {[%emt 0:00:02] The position is equal.} d5 {[%emt 0:00:32] [#] Hoping for ...dxe4.} 9. g5 hxg5 10. Bxg5 Qd6 11. Rg1 {[%emt 0:00:36] Repels Bg4} Re8 12. b4 ({White should try} 12. Nd2 $14) 12... Bb6 $11 13. a4 {[%emt 0:00:38] [#] Strongly threatening a5.} a5 14. b5 Ne7 15. h4 Ng6 16. h5 Nf4 17. h6 g6 18. Rh1 (18. Qd2 $15) 18... Bg4 $19 {[%emt 0:00:22] ...dxe4 is the strong threat.} 19. h7+ Kh8 {[%emt 0:00:05] aiming for ...f6.} 20. Rh4 (20. Be2 $142) 20... Bh5 21. d4 (21. Bh3 $142) 21... dxe4 $2 (21... exd4 $19 22. Rxf4 Rxe4+ (22... dxe4 $2 23. Bf6+ Kxh7 24. Ng5+ Kg8 25. Qb3 $18) 23. Rxe4 dxe4 24. cxd4 exf3 (24... Bxf3 $2 25. Be2 $19)) 22. Nxe5 $1 $15 Rxe5 (22... Bxd1 $2 23. Nxf7+ Kg7 24. Nxd6 cxd6 25. h8=B+ (25. Kxd1 Nd5 $18) (25. Bxf4 Bh5 $18) (25. Rxf4 Bb3 $18) (25. Rxd1 Nd5 $18) 25... Rxh8 26. Rxf4 $18 (26. Rxd1 Rxh4 27. Bxh4 Kh6 $11)) (22... Nd3+ $1 $15 23. Bxd3 exd3) 23. Bxf4 $16 Bxd1 (23... Rf5 $16 24. Bxd6 Bxd1 25. Be5+ (25. Rxd1 cxd6 26. Rxe4 Bd8 $16) (25. Rxe4 $2 Bf3 $19) 25... f6) 24. Bxe5+ $18 (24. dxe5 $2 {is the wrong capture.} Qc5 25. Ra2 Bxa4 $19 (25... Qxc3+ $2 26. Bd2 $19) (25... Bb3 $2 26. Rd2 $19) (25... Qxc3+ $2 26. Bd2 $19) (25... Bb3 $2 26. Rd2 $19)) 24... Qxe5 25. dxe5 Bc2 (25... Bb3 {was worth a try.} 26. Rb1 (26. Rxe4 Re8 $16) 26... Bd5) 26. Bg2 $2 (26. Bc4 $18 {has better winning chances.}) 26... Re8 $16 27. Kd2 Bb3 (27... Bxf2 $2 {loses.} 28. Rf4 Bb3 29. Rxf2 $18) 28. Rxe4 {[%emt 0:00:18] And now c4 would win.} Rd8+ (28... Bxf2 $142 29. Rb1 Be6) 29. Ke1 Rd3 (29... Re8 $16 30. Kf1 Kxh7) 30. Rc1 Kxh7 (30... Bc5 $142 31. Rh4 b6) 31. Rh4+ $18 Kg7 32. Bxb7 Bc5 33. Be4 Rd8 34. Bc2 Be6 35. Rd1 Re8 36. Kf1 Bc8 37. f4 Be6 38. Rd2 Bc4+ 39. Ke1 Be7 40. Rh1 {[%emt 0:00:04] Weighted Error Value: White=0.40/Black=0.48.  Missed win:     	White=1     	Black=1      Mistake:       	White=4     	Black=6      Inaccurate:     	White=1     	Black=2      OK:         	White=12    	Black=13     Best:        	White=4     	Black=3      Strong:       	White=1     	---} 1-0